Map: Abyssal Reef LE

Players

Namshar

  • Race: Zerg Zerg
  • Spawn Location: 5:00

uThermal - Winner!

  • Race: Terran Terran
  • Spawn Location: 11:00

Event: WCS Jonkoping 2017

VOD

Have the link to the VOD?

Description

Time

  • Played on: June 18, 2017, 11:09 a.m.
  • Length: 17:48

All games in this series

Show
View Real Time Build Order
Export as new Build Order

Namshar Zerg 

Build Orders: Hatch First 

Get SALT Encoding   

  12  0:00  Drone  
  13  0:12  Overlord  
  13  0:16  Drone  
  14  0:30  Drone x2  
  14  0:34  Drone  
  17  0:51  Hatchery  
  17  0:55  Drone  
  17  0:59  Drone  
  18  1:09  Extractor  
  17  1:15  Spawning Pool  
  17  1:17  Drone  
  17  1:20  Drone  
  18  1:29  Drone  
  19  1:38  Overlord  
  19  2:01  Queen  
  19  2:02  Zergling x4  
  19  2:05  Queen, Zergling x2  
  26  2:14  Drone x2  
  28  2:21  Drone  
  29  2:26  Spore Crawler  
  28  2:32  Drone  
  28  2:37  Queen  
  30  2:43  Roach Warren  
  30  2:47  Drone  
  31  2:52  Drone x2, Overlord  
  33  3:01  Queen  
  35  3:12  Zergling x2  
  35  3:19  Overlord  
  35  3:20  Drone x2  
  35  3:24  Roach x2  
  41  3:32  Roach  
  41  3:33  Overlord  
  42  3:46  Drone, Roach x3  
  42  3:47  Drone  
  50  3:54  Roach  
  52  4:03  Ravager  
  52  4:04  Roach  
  55  4:10  Drone, Overlord  
  55  4:11  Drone x3  
  55  4:16  Drone  
  55  4:17  Drone  
  59  4:34  Ravager, Drone x3  
  59  4:35  Drone x3  
  59  4:38  Extractor, Queen  
  63  4:39  Extractor  
  62  4:50  Drone x2, Overlord x2  
  62  5:00  Roach x2  
  62  5:05  Roach x2  
  63  5:10  Drone x2  
  65  5:19  Queen  
  67  5:22  Ravager, Hatchery  
  67  5:38  Roach x2  
  67  5:39  Drone x3  
  67  5:40  Lair  
  67  5:41  Drone  
  67  5:42  Drone x2  
  77  5:58  Queen  
  77  5:59  Drone  
  77  6:02  Evolution Chamber, Drone  
  77  6:03  Extractor  
  79  6:11  Drone, Overlord x2  
  80  6:12  Roach  
  80  6:13  Roach  
  84  6:21  Overlord x3  
  84  6:32  Zerg Ground Armor Level 1  
  84  6:36  Roach x6  
  84  6:37  Glial Reconstitution  
  96  6:56  Queen  
  96  6:58  Drone x2  
  100  7:05  Drone x2  
  100  7:07  Queen, Infestation Pit  
  100  7:08  Evolution Chamber, Drone  
  102  7:09  Extractor, Drone x2  
  102  7:11  Extractor  
  103  7:22  Evolution Chamber  
  102  7:24  Drone x2  
  102  7:25  Drone x4  
  102  7:27  Drone x2  
  102  7:28  Drone  
  102  7:29  Overlord  
  112  7:35  Overlord  
  112  7:36  Drone x2  
  114  7:39  Overlord  
  114  7:42  Overlord  
  114  7:44  Zerg Missile Weapons Level 1  
  114  7:47  Burrow  
  114  7:54  Overseer  
  114  8:00  Hatchery  
  114  8:04  Ravager x2  
  114  8:05  Infestor x2  
  119  8:07  Infestor  
  119  8:10  Hive  
  121  8:16  Ravager x2  
  121  8:17  Ravager, Roach  
  121  8:18  Roach  
  128  8:22  Drone  
  128  8:23  Spore Crawler  
  128  8:27  Overlord  
  128  8:28  Roach x3  
  128  8:30  Metabolic Boost  
  134  8:42  Overlord x4  
  132  8:58  Overlord x3  
  132  9:10  Ravager  
  132  9:11  Ravager  
  132  9:12  Ravager  
  132  9:13  Ravager, Roach  
  132  9:14  Roach x8  
  154  9:18  Overlord  
  154  9:19  Drone  
  154  9:23  Ultralisk Cavern  
  154  9:24  Queen  
  156  9:34  Drone x2  
  156  9:36  Spore Crawler x2  
  156  9:37  Drone  
  157  9:39  Spore Crawler  
  157  9:43  Roach x6  
  168  9:47  Ravager x2  
  168  9:49  Ravager x2  
  172  9:58  Drone x7  
  172  9:59  Drone  
  180  10:00  Ravager x3  
  180  10:01  Ravager  
  184  10:22  Zerg Ground Armor Level 2  
  184  10:34  Zerg Melee Weapons Level 1  
  178  10:44  Extractor  
  178  10:45  Extractor  
  178  10:46  Drone x6  
  177  10:51  Drone  
  177  10:52  Roach x6  
  177  10:54  Ultralisk Cavern  
  184  11:10  Queen  
  182  11:27  Roach x3  
  182  11:28  Roach x6  
  192  11:44  Infestor x3  
  191  11:48  Chitinous Plating  
  191  11:53  Drone  
  192  11:56  Drone  
  192  11:57  Drone  
  192  11:59  Hatchery  
  192  12:00  Ravager  
  192  12:01  Ultralisk  
  200  12:06  Adrenal Glands  
  200  12:09  Hatchery  
  191  12:27  Ravager x3  
  174  12:37  Ultralisk  
  174  12:38  Ultralisk, Zergling x28  
  200  12:49  Zerg Ground Armor Level 3  
  168  13:07  Ultralisk, Drone x2  
  168  13:08  Drone x3  
  168  13:11  Zerg Melee Weapons Level 2  
  177  13:15  Ultralisk  
  171  13:31  Ultralisk, Zergling x2  
  171  13:32  Zergling x14  
  169  13:43  Ultralisk, Zergling x22  
  186  13:51  Zergling x2  
  186  13:52  Ultralisk, Zergling x16  
  193  14:01  Ultralisk  
  193  14:02  Ultralisk, Zergling x2  
  183  14:25  Hatchery  
  172  14:36  Ultralisk x2  
  172  14:37  Ultralisk  
  186  14:41  Pathogen Glands  
  186  15:07  Hatchery  
  186  15:10  Roach  
  186  15:11  Roach x5  
  186  15:33  Hatchery  
  172  15:45  Ultralisk x2, Zergling x2  
  172  15:46  Zergling x6  
  175  16:07  Ravager x7  
  175  16:09  Roach x4  
  175  16:10  Roach  
  181  16:35  Drone x6  
  185  16:50  Extractor  
  185  16:51  Extractor  
  133  17:08  Ravager x4  
Show
View Real Time Build Order
Export as new Build Order

uThermal Terran - Winner!

Build Orders: Bio Tank 

Get SALT Encoding   

  12  0:01  SCV  
  13  0:13  SCV  
  14  0:21  Supply Depot  
  14  0:25  SCV  
  15  0:43  SCV  
  15  0:44  Barracks  
  15  0:47  Refinery  
  16  0:55  SCV  
  17  1:02  Barracks  
  17  1:07  SCV  
  18  1:19  SCV  
  19  1:31  Orbital Command, Reaper  
  20  1:36  Barracks  
  20  1:42  Refinery  
  20  1:49  Reaper  
  21  1:55  Supply Depot  
  21  1:57  SCV  
  22  2:06  Reaper  
  23  2:17  SCV  
  23  2:21  Reaper  
  25  2:23  Supply Depot  
  25  2:25  Reaper  
  25  2:29  SCV  
  27  2:38  Reaper  
  27  2:41  SCV  
  29  2:53  Reaper  
  29  2:56  SCV  
  29  2:57  Reaper  
  32  3:04  Command Center  
  32  3:08  SCV  
  32  3:10  Reaper  
  34  3:18  Supply Depot  
  34  3:21  SCV  
  34  3:25  Reaper  
  36  3:29  Barracks Tech Lab  
  36  3:33  SCV  
  37  3:45  Barracks Reactor, SCV  
  38  3:50  Factory  
  38  3:57  SCV  
  39  4:09  SCV  
  40  4:10  Marine x2  
  42  4:18  Orbital Command  
  42  4:21  SCV  
  43  4:26  Marine x2  
  43  4:27  Stimpack  
  43  4:28  Marine  
  46  4:33  Marine, SCV  
  48  4:43  Starport  
  48  4:44  Factory Reactor  
  48  4:45  SCV  
  48  4:46  Marine  
  48  4:48  Marine  
  48  4:50  SCV  
  51  4:53  Marine  
  51  4:57  SCV  
  51  4:58  Marine  
  54  5:02  SCV  
  53  5:07  Marine  
  53  5:09  SCV  
  53  5:10  Marine  
  53  5:11  Marine  
  56  5:14  SCV  
  56  5:17  Supply Depot  
  57  5:22  SCV  
  57  5:27  Medivac  
  61  5:30  Medivac  
  61  5:33  Supply Depot  
  62  5:39  Marine x2  
  64  5:43  Barracks Reactor, SCV  
  64  5:44  SCV  
  64  5:47  Marine  
  67  5:52  Command Center  
  67  5:54  Supply Depot  
  67  5:55  SCV  
  67  5:57  Marine x2, SCV  
  71  6:05  Marine  
  71  6:06  Medivac  
  71  6:07  SCV  
  71  6:09  SCV  
  76  6:14  Marine  
  76  6:16  Engineering Bay  
  76  6:17  Engineering Bay  
  77  6:19  SCV  
  77  6:20  Marine x2  
  77  6:24  SCV, Supply Depot  
  77  6:25  Marine  
  82  6:26  Marine  
  82  6:31  SCV  
  82  6:32  Marine  
  85  6:36  SCV  
  85  6:38  Marine  
  86  6:44  Terran Infantry Armor Level 1, Terran Infantry Weapons Level 1  
  86  6:45  Marine x2  
  86  6:46  SCV  
  88  6:48  SCV  
  80  6:55  Marine  
  80  6:56  Marine  
  80  6:58  SCV  
  80  7:00  Marine  
  80  7:01  SCV  
  82  7:02  Factory Tech Lab  
  82  7:04  Barracks x2  
  82  7:07  Orbital Command  
  82  7:10  SCV, Refinery  
  82  7:11  Marine x2, Refinery  
  82  7:13  SCV  
  82  7:15  Medivac  
  86  7:16  Medivac  
  86  7:21  Marine x3  
  86  7:22  SCV, Combat Shields  
  92  7:25  SCV  
  93  7:31  Refinery x2  
  93  7:33  SCV  
  93  7:34  SCV, Marine  
  93  7:35  Marine  
  97  7:37  SCV  
  97  7:38  Siege Tank  
  97  7:41  Supply Depot  
  97  7:42  Marine  
  97  7:43  Marine  
  103  7:45  SCV  
  103  7:47  SCV  
  103  7:48  Marine, Supply Depot  
  106  7:52  Marine x2, SCV  
  109  7:58  Factory  
  109  8:00  Supply Depot  
  109  8:03  SCV x2, Armory  
  111  8:05  Marine  
  111  8:06  Marine  
  111  8:07  Marine  
  115  8:14  Siege Tank  
  115  8:15  Marine  
  115  8:16  Supply Depot  
  115  8:17  Barracks Tech Lab  
  115  8:18  SCV  
  115  8:19  Barracks Tech Lab, Marine  
  120  8:23  Marine  
  121  8:27  Marine x2  
  121  8:33  Marine  
  124  8:37  Marauder  
  124  8:38  Marine  
  124  8:39  Marauder  
  129  8:44  Marine  
  129  8:50  Siege Tank, Factory Tech Lab  
  132  8:55  Terran Infantry Weapons Level 2  
  132  8:56  Terran Infantry Armor Level 2, Supply Depot  
  132  8:57  Marauder, Marine x2, Supply Depot x2, Terran Vehicle Weapons Level 1  
  132  8:59  Marauder  
  132  9:01  Marine x2  
  132  9:02  Marine  
  141  9:09  Supply Depot  
  141  9:15  Supply Depot  
  141  9:16  Supply Depot  
  141  9:18  Siege Tank, Marauder, Medivac  
  148  9:27  Siege Tank  
  148  9:30  Command Center  
  150  9:32  Marauder, Marine  
  150  9:34  Marine x2  
  155  9:41  Marauder, Marine  
  155  9:43  Supply Depot  
  155  9:45  Marine  
  157  9:46  Supply Depot  
  157  9:50  Marine  
  157  9:51  Siege Tank  
  161  9:54  Marauder  
  161  9:57  Medivac  
  161  9:59  Marine x2  
  167  10:02  Marauder  
  167  10:03  Siege Tank, Marauder  
  167  10:04  Marine  
  175  10:08  Marine  
  171  10:15  Marine  
  171  10:19  Starport  
  171  10:20  Marine x2, Starport  
  170  10:24  Marauder  
  170  10:26  Siege Tank  
  175  10:33  Marauder, Marine  
  175  10:35  Siege Tank, Medivac  
  180  10:40  Marine x2  
  180  10:41  Marauder  
  180  10:42  Medivac  
  179  10:52  Planetary Fortress  
  179  10:54  Marauder, Marine x2  
  179  10:55  Marauder  
  179  10:56  Liberator x2  
  184  10:59  Marine  
  184  11:02  Marauder, Marine  
  184  11:05  Liberator, Medivac  
  186  11:12  Marine  
  193  11:24  Refinery x2  
  196  11:26  Liberator  
  196  11:29  Marauder x2, Marine x2  
  200  11:39  Liberator  
  187  11:42  Liberator, Marine x2  
  187  11:43  Marauder  
  171  11:47  Liberator  
  171  11:51  Marauder  
  173  12:00  Command Center  
  179  12:06  Marine  
  179  12:07  Marauder  
  179  12:08  Marine  
  186  12:16  Marauder, Marine  
  188  12:26  Medivac  
  188  12:28  Siege Tank x2  
  188  12:29  Marauder, Marine  
  188  12:39  Marine, Medivac  
  188  12:42  Medivac  
  193  12:50  Liberator, Marine x2, Marauder  
  197  12:52  Marine  
  197  12:53  Marauder  
  200  13:00  Siege Tank x2  
  200  13:05  Marine  
  194  13:06  Marauder, Medivac  
  194  13:09  Marine  
  199  13:15  Planetary Fortress  
  199  13:16  Marine  
  200  13:22  Medivac  
  188  13:28  Marauder, Marine  
  188  13:30  Marine  
  188  13:31  Marauder  
  188  13:32  Siege Tank  
  192  13:34  Viking  
  192  13:36  Marauder, Marine, Viking  
  192  13:38  Marine  
  192  13:41  Liberator  
  192  13:45  Marine  
  192  13:47  Liberator  
  192  13:48  Marine  
  192  13:50  Marauder, Liberator  
  192  13:52  Marauder  
  192  13:53  Marine  
  185  13:56  Marine  
  185  13:57  Marauder  
  178  14:08  Marine  
  184  14:10  Marine  
  184  14:11  Marauder  
  184  14:12  Marine  
  185  14:17  Siege Tank  
  185  14:19  Marine  
  185  14:22  Marine  
  183  14:36  Marine  
  183  14:37  Liberator x3, Marauder  
  183  14:38  Marine  
  186  14:40  Marauder  
  186  14:48  Orbital Command  
  186  14:52  Marine  
  189  14:53  Marauder  
  198  15:08  Marine  
  198  15:13  Liberator  
  198  15:20  Liberator  
  196  15:21  Marine x2  
  196  15:22  Marauder x2  
  196  15:24  Siege Tank  
  198  15:43  Liberator  
  198  15:45  Marine x2  
  198  15:50  Marauder, Marine  
  198  15:52  Marine  
  198  15:56  Marine  
  200  16:03  Liberator  
  181  16:08  Liberator  
  181  16:10  Marauder, Marine  
  184  16:13  Marine  
  184  16:14  Siege Tank, Marauder  
  184  16:15  Siege Tank  
  184  16:16  Marauder, Marine  
  199  16:26  Marine  
  199  16:29  Marine  
  199  16:31  Marine  
  199  16:32  Marauder  
  194  16:33  Medivac  
  192  16:41  Marauder, Marine  
  192  16:43  Marauder  
  192  16:44  Marine  
  198  16:51  Marine  
  198  16:52  Marine  
  198  16:53  Marauder  
  198  16:59  Marine  
  173  17:02  Marine x2  
  169  17:09  Marine  
Tags
 
Add a new tag
Caveats
  • Supply blocks, unpowered buildings, or Contaminate may cause inaccurate times.
  • Supply counts are checked every 10 seconds.